Map: Odyssey LE

Players

Bombs

  • Race: Terran Terran
  • Spawn Location: 11:00

A.I. 2 (Elite) - Winner!

  • Race: Zerg Zerg
  • Spawn Location: 5:00

VOD

Have the link to the VOD?

Description

Time

  • Played on: Jan. 12, 2018, 9:40 a.m.
  • Length: 6:16
Show
View Real Time Build Order
Export as new Build Order

Bombs Terran 

Build Orders: Cyclone Opening 

Get SALT Encoding   

  12  0:01  SCV  
  13  0:13  SCV  
  14  0:18  Supply Depot  
  14  0:25  SCV  
  15  0:29  Refinery  
  15  0:40  SCV  
  16  0:46  Barracks  
  16  0:52  SCV  
  18  1:04  SCV  
  18  1:16  SCV  
  19  1:34  Factory, Marine  
  19  1:35  Orbital Command  
  20  1:42  Supply Depot  
  20  1:52  Marine  
  21  2:01  SCV  
  22  2:09  Command Center  
  22  2:11  Marine  
  22  2:14  SCV  
  24  2:24  Cyclone  
  24  2:26  SCV  
  28  2:31  Supply Depot  
  28  2:33  Marine  
  29  2:38  SCV  
  29  2:41  Refinery  
  30  2:50  SCV  
  31  2:53  Barracks Reactor  
  31  3:02  Cyclone  
  31  3:03  SCV  
  35  3:15  SCV  
  36  3:22  Orbital Command  
  36  3:27  SCV  
  36  3:30  Marine x2  
  36  3:34  Cyclone  
  42  3:39  SCV  
  43  3:44  Barracks  
  43  3:45  Orbital Command  
  43  3:48  Barracks  
  43  3:51  SCV  
  43  3:54  Marine x2  
  46  4:03  SCV  
  46  4:04  Supply Depot  
  47  4:14  Marine x2  
  47  4:15  SCV  
  50  4:20  SCV  
  50  4:23  Supply Depot, Factory Tech Lab  
  51  4:27  SCV  
  52  4:32  SCV  
  53  4:39  SCV  
  53  4:40  Barracks Tech Lab  
  53  4:41  Barracks Tech Lab  
  53  4:42  Siege Tank  
  53  4:44  SCV  
  58  4:47  Marine x2  
  58  4:51  SCV  
  61  4:56  SCV  
  61  4:58  Supply Depot  
  62  5:00  Starport  
  62  5:01  Refinery  
  62  5:02  Refinery  
  62  5:03  Engineering Bay  
  62  5:04  SCV  
  63  5:12  SCV  
  64  5:15  Supply Depot  
  64  5:16  SCV  
  64  5:19  Marine x2  
  67  5:24  SCV  
  67  5:28  SCV  
  69  5:35  Marine x2  
  70  5:36  SCV  
  70  5:38  Starport Reactor  
  70  5:42  SCV  
  73  5:44  Supply Depot  
  73  5:45  Barracks  
  73  5:49  Marine x2  
  75  5:51  Barracks  
  75  5:54  SCV  
  75  5:56  SCV  
  82  6:06  Supply Depot  
Show
View Real Time Build Order
Export as new Build Order

A.I. 2 (Elite) Zerg - Winner!

Build Orders: Pool First 

Get SALT Encoding   

  12  0:00  Drone  
  13  0:08  Drone  
  14  0:17  Overlord  
  14  0:34  Spawning Pool  
  13  0:35  Drone  
  13  0:40  Extractor  
  13  0:43  Drone  
  13  0:48  Drone  
  15  1:21  Queen  
  15  1:22  Zergling x6  
  20  1:47  Hatchery  
  20  1:53  Drone  
  20  1:58  Zergling x2  
  21  2:05  Zergling x2  
  22  2:14  Overlord  
  22  2:32  Zergling x4  
  22  2:33  Zergling x4  
  26  2:38  Zergling x2  
  26  2:42  Zergling x2  
  28  2:53  Zergling x2  
  28  2:56  Metabolic Boost  
  29  3:01  Drone  
  30  3:07  Drone  
  30  3:12  Drone  
  32  3:17  Drone  
  33  3:32  Roach Warren  
  32  3:34  Drone  
  32  3:41  Overlord  
  33  3:59  Lair  
  33  4:13  Drone  
  33  4:15  Roach  
  36  4:19  Overlord  
  36  4:24  Roach  
  36  4:29  Roach  
  40  4:34  Roach  
  40  4:37  Drone  
  43  4:39  Drone  
  43  4:44  Overlord  
  44  4:48  Drone  
  44  4:51  Drone  
  46  4:54  Drone  
  46  4:57  Drone  
  46  4:59  Hydralisk Den  
  47  5:00  Drone  
  47  5:03  Drone  
  47  5:05  Drone  
  50  5:08  Drone  
  50  5:10  Drone  
  52  5:15  Overlord  
  52  5:17  Drone  
  52  5:20  Drone  
  54  5:22  Drone  
  54  5:26  Drone  
  56  5:33  Drone  
  56  5:34  Evolution Chamber  
  56  5:37  Drone  
  56  5:38  Hydralisk  
  56  5:39  Drone  
  56  5:40  Hydralisk  
  62  5:45  Overlord  
  62  5:48  Hydralisk  
  66  5:58  Drone  
  66  6:02  Extractor  
  66  6:04  Extractor  
Tags
 
Add a new tag
Caveats
  • Supply blocks, unpowered buildings, or Contaminate may cause inaccurate times.
  • Supply counts are checked every 10 seconds.